 Dungeon Crawl Stone Soup version 0.26-a0-651-gb41185065b (webtiles) character file.

Game seed: 13658851828783110800

3348 kae the Transmogrifier (level 10, -1/78 HPs)
             Began as a Naga Transmuter on Oct 30, 2020.
             Was a Follower of Cheibriados.
             Slain by a two-headed ogre
             ... wielding a +2 dire flail of protection
              (21 damage)
             ... on level 8 of the Dungeon.
             The game lasted 00:07:30 (11749 turns).

kae the Transmogrifier (Naga Transmuter)           Turns: 11749, Time: 00:07:30

Health: -1/78      AC: 10    Str: 19    XL:     10   Next: 2%
Magic:  10/13      EV:  8    Int: 17    God:    Cheibriados [*.....]
Gold:   392        SH:  0    Dex: 14    Spells: 4/13 levels left

rFire    + . .     SeeInvis +     - Unarmed
rCold    . . .     Faith    .   (shield currently unavailable)
rNeg     . . .     Spirit   .   a - +1 robe
rPois    +         Reflect  .   (no helmet)
rElec    .         Harm     .   s - +0 cloak
rCorr    .         Rampage  .   (gloves currently unavailable)
MR       +....                  A - +0 barding {Stlth+}
Stlth    +++.......             (no amulet)
HPRegen  0.23/turn              u - ring of stealth
MPRegen  0.13/turn              l - ring of protection from fire

@: blade hands, very slow
A: large, see invisible, deformed body, poison resistance, slowness 2, spit
poison 1, AC +3
a: Spit Poison, End Transformation, Bend Time, Renounce Religion


You were on level 8 of the Dungeon.
You worshipped Cheibriados.
Cheibriados was aware of your devotion.
You had blades for hands.
You visited 2 branches of the dungeon, and saw 9 of its levels.

You collected 392 gold pieces.

Inventory:

Armour
 a - a +1 robe (worn)
 s - a +0 cloak (worn)
 w - a +0 pair of gloves (melded)
 A - a +0 barding of stealth (worn)
Jewellery
 i - an uncursed ring of fire
 j - an uncursed ring of magical power
 l - a ring of protection from fire (right scythe-like blade)
 m - an uncursed amulet of the acrobat
 u - a ring of stealth (left scythe-like blade)
 v - a +6 ring of intelligence
Wands
 h - a wand of digging (1)
 o - a wand of paralysis (4)
 p - a wand of flame (42)
 y - a wand of disintegration (11)
Scrolls
 c - 8 scrolls of remove curse
 f - a scroll of teleportation
 r - 2 scrolls of vulnerability
 x - a scroll of identify
 z - a scroll of magic mapping
Potions
 b - a potion of lignification
 d - 3 potions of degeneration
 e - 2 potions of resistance
 g - 7 potions of curing
 k - 6 potions of haste
 n - 2 potions of berserk rage
 q - 3 potions of ambrosia
 t - 2 potions of mutation
 B - a potion of heal wounds


   Skills:
 - Level 1.0 Fighting
 - Level 1.5 Dodging
 + Level 8.5 Unarmed Combat
 - Level 2.0 Spellcasting
 * Level 11.3 Transmutations


You had 4 spell levels left.
You knew the following spells:

 Your Spells              Type           Power        Failure   Level
a - Beastly Appendage     Tmut           #####.       9%          1
b - Spider Form           Tmut/Pois      ###.......   34%         3
c - Blade Hands           Tmut           #####.....   32%         5

Your spell library contained the following spells:

 Spells                   Type           Power        Failure   Level
 Wereblood                Tmut           #####...     10%         2
 Ice Form                 Ice/Tmut       ###.....     61%         4
 Petrify                  Tmut/Erth      ###.....     61%         4
 Confusing Touch          Hex            #.......     87%         3
 Gell's Gravitas          Tloc           #.........   87%         3
 Yara's Violent Unravell  Hex/Tmut       ###.......   85%         5
 Metabolic Englaciation   Hex/Ice        #.........   100%        5


Dungeon Overview and Level Annotations

Branches:
Dungeon (8/15)             Temple (1/1) D:6
   Lair: D:8-11

Altars:
Ashenzari
Cheibriados
Dithmenos
Elyvilon
Fedhas
Gozag
Hepliaklqana
Kikubaaqudgha
Makhleb
Nemelex Xobeh
Okawaru
Qazlal
Ru
Sif Muna
Trog
Uskayaw
Vehumet
Wu Jian
Xom
Yredelemnul
Zin
The Shining One

Shops:
D:7 :


Innate Abilities, Weirdness & Mutations

You cannot wear boots.
Your serpentine skin is tough. (AC +3)
You have supernaturally acute eyesight. (SInv)
Armour fits poorly on your strangely shaped body.
Your system is resistant to poisons. (rPois)
You cover ground very slowly.
You can spit poison.


Message History

A centaur zombie comes into view.
A wight comes into view. It is wielding a +0 spear.
An ogre comes into view. It is wielding a +0 giant spiked club.
The two-headed ogre closely misses you.
The two-headed ogre hits you with a +0 giant club!
The two-headed ogre hits you with a +2 dire flail of protection!
The two-headed ogre barely misses you.
You slice the two-headed ogre!!
The two-headed ogre is heavily wounded.
The ogre shouts!
You hear a shout! x2
You slice the two-headed ogre!!
The two-headed ogre is almost dead.
A wight comes into view. It is wielding a +0 halberd.
The two-headed ogre hits you with a +2 dire flail of protection!
The two-headed ogre hits you with a +0 giant club!
* * * LOW HITPOINT WARNING * * *
You hit the two-headed ogre.
The two-headed ogre is almost dead.
The two-headed ogre hits you with a +2 dire flail of protection!!
You die...

....#..##....# ##......
...##..#...............
#..##..........z......
.. ..l #<...##.##...#
..#. #........
#...##.....O.
...z#.....# .## .#
#.....O.# ..##.#
...#..z.@..##..#..#
.......Z...#......##
...................
..................#
...............#..
...............#.#####
.............###..#...
##...#.......)........
##.####...###....###


You could see a two-headed ogre, an ogre, 3 wights and a centaur zombie.

Vanquished Creatures
  Joseph (D:8)
  Maggie (D:7)
  Grinder (D:4)
  A water moccasin (D:8)
  2 ice beasts
  A black bear (D:6)
  A phantom (D:5)
  4 ogres
  2 centaurs (D:5)
  6 bullfrogs
  A gnoll sergeant (D:6)
  A wyvern zombie (D:6)
  2 wights (D:8)
  A centaur zombie (D:7)
  2 bullfrog skeletons
  An orc priest (D:3)
  Crazy Yiuf (D:4)
  5 hounds
  5 orc wizards
  2 iguanas
  Natasha (thrice) (D:3)
  4 worker ants
  Robin (D:4)
  11 gnolls
  7 adders
  A shadow imp (D:5)
  5 white imps
  An ufetubus (D:7)
  An ooze (D:2)
  5 worms
  A dart slug (D:2)
  A leopard gecko (D:6)
  17 orcs
  8 bats
  3 giant cockroaches
  15 hobgoblins
  11 jackals
  13 kobolds
  A quokka (D:4)
  A ball python (D:1)
  8 frilled lizards
  21 goblins
  A quokka zombie (D:6)
  11 rats
192 creatures vanquished.

Vanquished Creatures (others)
  A fungus (D:8)
  3 plants (D:8)
4 creatures vanquished.

Grand Total: 196 creatures vanquished

Notes
Turn   | Place    | Note
-------+----------+-------------------------------------------
     0 | D:1      | kae the Naga Transmuter began the quest for the Orb.
     0 | D:1      | Reached XP level 1. HP: 18/18 MP: 3/3
   119 | D:1      | Reached XP level 2. HP: 24/25 MP: 3/5
   863 | D:1      | Found a shimmering altar of Xom.
   882 | D:1      | Reached skill level 3 in Transmutations
   883 | D:1      | Reached XP level 3. HP: 5/31 MP: 4/6
   893 | D:1      | Learned a level 3 spell: Spider Form
  1864 | D:2      | Noticed a bullfrog
  1878 | D:2      | Killed a bullfrog
  1878 | D:2      | Reached skill level 4 in Transmutations
  1878 | D:2      | Reached XP level 4. HP: 13/38 MP: 3/7
  1919 | D:2      | Reached XP level 5. HP: 21/44 MP: 6/8
  3347 | D:3      | Noticed Natasha
  3358 | D:3      | Killed Natasha
  3363 | D:3      | Reached skill level 5 in Transmutations
  3371 | D:3      | Reached XP level 6. HP: 20/51 MP: 4/9
  3607 | D:3      | Noticed Natasha
  3615 | D:3      | Killed Natasha
  3703 | D:3      | Noticed Natasha
  3715 | D:3      | Killed Natasha
  4329 | D:3      | Noticed a moth of wrath
  4331 | D:3      | Found a bloodstained altar of Trog.
  4742 | D:4      | Noticed Grinder
  4753 | D:4      | Paralysed by Grinder for 6 turns
  4782 | D:4      | Killed Grinder
  4782 | D:4      | Reached skill level 5 in Unarmed Combat
  4782 | D:4      | Reached skill level 6 in Transmutations
  4782 | D:4      | Reached XP level 7. HP: 30/57 MP: 4/10
  4979 | D:4      | Found a runed translucent door.
  4980 | D:4      | Noticed Crazy Yiuf
  5219 | D:4      | Noticed Robin
  5252 | D:4      | Killed Robin
  5887 | D:4      | Killed Crazy Yiuf
  5982 | D:5      | Entered Level 5 of the Dungeon
  6033 | D:5      | Reached skill level 7 in Transmutations
  6071 | D:5      | Learned a level 5 spell: Blade Hands
  6628 | D:5      | Reached XP level 8. HP: 49/64 MP: 9/11
  7108 | D:5      | Found a hazy altar of Hepliaklqana.
  7154 | D:5      | Reached skill level 8 in Transmutations
  8310 | D:6      | HP: 1/64 [gnoll sergeant/+1 trident of venom (8)]
  8891 | D:6      | Reached skill level 9 in Transmutations
  9193 | D:6      | Reached XP level 9. HP: 68/70 MP: 9/12
  9194 | D:6      | Found a staircase to the Ecumenical Temple.
  9295 | Temple   | Entered the Ecumenical Temple
  9452 | Temple   | Became a worshipper of Cheibriados the Contemplative
 10643 | D:7      | Found Povy's Book Boutique.
 10665 | D:7      | Noticed Maggie
 10671 | D:7      | Killed Maggie
 10671 | D:7      | Reached * piety under Cheibriados
 10671 | D:7      | Reached skill level 10 in Transmutations
 11093 | D:7      | Identified a scroll of acquirement
 11093 | D:7      | Acquired a +0 barding of stealth
 11467 | D:8      | Noticed Joseph
 11483 | D:8      | Killed Joseph
 11483 | D:8      | Reached skill level 11 in Transmutations
 11484 | D:8      | Noticed a two-headed ogre
 11488 | D:8      | Reached XP level 10. HP: 22/78 MP: 10/13
 11749 | D:8      | Slain by a two-headed ogre

Illustrated notes

Levels and vault maps discovered:
D:1:      scummos_arrival_forest, layout_rooms, chequers_mini_garden,
          kennysheep_flooded_box, minmay_domino_4
D:2:      layout_rooms, serial_curves, eino_curves_04, eino_curves_03,
          minmay_goblin_kobold_house
D:3:      layout_loops_cross, tgw_trog, uniq_natasha
D:4:      layout_loops_cross, minmay_bent, uniq_grinder, uniq_robin,
          uniq_crazy_yiuf_cottage
D:5:      layout_basic, marbit_many_paths
D:6:      layout_basic, minmay_temple_entry_sparse_star
D:7:      layout_loops_cross, serial_shops, nicolae_shop_window_shopping,
          uniq_maggie
D:8:      black_bear_nest_2, layout_cave_pools, dpeg_oklobed_lair, uniq_joseph
Temple:   kilobyte_greek_temple

Skill      XL: |  1  2  3  4  5  6  7  8  9 |
---------------+----------------------------+-----
Transmutations | 3 4 5 6 7 9 11 | 11.3
Unarmed Combat | 4 5 7 8 |  8.5
Fighting       | |  1.0
Dodging        | |  1.5
Spellcasting   | |  2.0

Action                   |  1- 3 |  4- 6 |  7- 9 | 10-12 || total
-------------------------+-------+-------+-------+-------++-------
Melee: Unarmed           |   117 |   173 |   288 |     5 ||   583
       Headbutt          |    16 |     3 |     1 |       ||    20
       Punch             |     1 |       |     1 |       ||     2
 Cast: Beastly Appendage |    27 |    15 |     1 |       ||    43
       Spider Form       |     1 |    18 |    49 |       ||    68
       Blade Hands       |       |       |     5 |     1 ||     6
 Abil: Spit Poison       |    17 |     6 |       |       ||    23
  Use: Scroll            |       |     8 |    13 |       ||    21
       Potion            |       |       |     2 |       ||     2
 Stab: Sleeping          |       |     1 |       |       ||     1
Armor: Robe              |    43 |    17 |    22 |     1 ||    83
       Skin              |       |     2 |    18 |       ||    20
Dodge: Dodged            |    95 |   118 |   223 |     3 ||   439

Table legend: (Time is in decaauts)
 A = Elapsed time spent in this place.
 B = Non-inter-level travel time spent in this place.
 C = Inter-level travel time spent in this place.
 D = Time resting spent in this place.
 E = Time spent auto-exploring this place.
 F = Levels seen in this place.
 G = Mean time per level.
                   A        B        C        D        E       F      G
               +--------+--------+--------+--------+--------+-----+--------+
         Total |  13735 |  13277 |    458 |    795 |  10877 |   9 | 1526.1 |
       Dungeon |  13476 |  13081 |    395 |    795 |  10685 |   8 | 1684.5 |
        Temple |    259 |    196 |     63 |      0 |    192 |   1 |  259.0 |
               +--------+--------+--------+--------+--------+-----+--------+

Top non-repeatable levels by time:
     D:5: 2399 daAuts
     D:6: 1910 daAuts
     D:1: 1799 daAuts
     D:3: 1796 daAuts
     D:7: 1697 daAuts
     D:2: 1614 daAuts
     D:4: 1591 daAuts
     D:8: 667 daAuts
  Temple: 259 daAuts
